 Dungeon Crawl Stone Soup version 0.30-a0-586-g23e55c9e0a (webtiles) character file.

Game seed: 7429810277022294230

1999 Shayle the Grave Robber (level 9, 69/69 HPs)
             Began as a Demonspawn Reaver on Jan 3, 2023.
             Was an Initiate of Ashenzari.
             Quit the game on level 8 of the Dungeon.
             The game lasted 00:15:48 (7246 turns).

Shayle the Grave Robber (Demonspawn Reaver)         Turns: 7246, Time: 00:15:48

Health: 69/69      AC: 21    Str: 12    XL:     9   Next: 2%
Magic:  12/12      EV: 11    Int: 22    God:    Ashenzari [......]
Gold:   325        SH:  0    Dex: 12    Spells: 8/12 levels left

rFire   . . .      SeeInvis .    k - +1 short sword (flame)
rCold   . . .      Faith    .    (no shield)
rNeg    . . .      Spirit   .    q - +5 ring mail of Discretion {rCorr Int+3 Stlth+}
rPois   .          Reflect  .    (helmet restricted)
rElec   .          Harm     .    E - +0 cloak
rCorr   +          Rampage  .    (no gloves)
Will    .....                    z - +2 pair of boots
Stlth   ++                       (no amulet)
HPRegen 0.31/turn                t - +4 ring of protection
MPRegen 0.26/turn                (no ring)

@: no status effects
A: horns 1, thin metallic scales 1, ignite blood 2, magic regeneration
a: Renounce Religion, Curse Item


You were on level 8 of the Dungeon.
You worshipped Ashenzari.
Ashenzari was noncommittal.
You visited 2 branches of the dungeon, and saw 9 of its levels.
You also visited: Ossuary.

You collected 385 gold pieces.
You spent 60 gold pieces at shops.

Inventory:

Hand Weapons
 a - a +0 spear
 k - a +1 short sword of flaming (weapon)
Armour
 b - a +0 leather armour
 j - a +2 helmet
 q - the +5 ring mail of Discretion (worn) {rCorr Int+3 Stlth+}
   (You found it on level 4 of the Dungeon)

   Int:       It affects your intelligence (+3).
   rCorr:     It protects you from acid and corrosion.
   Stlth:     It makes you more stealthy.
 z - a +2 pair of boots (worn)
 E - a +0 cloak (worn)
Jewellery
 h - a ring of ice
 m - a ring of willpower
 p - a ring of flight
 t - a +4 ring of protection (left hand)
Wands
 d - a wand of flame (8)
 v - a wand of paralysis (2)
 x - a wand of mindburst (5)
Scrolls
 c - 2 scrolls of teleportation
 g - 4 scrolls of enchant weapon
 i - 2 scrolls of amnesia
 n - 3 scrolls of fog
 w - 3 scrolls of torment
 y - 4 scrolls of identify
 C - 2 scrolls of silence
Potions
 e - 5 potions of curing
 f - 3 potions of haste {unknown}
 l - a potion of attraction {unknown}
 o - 2 potions of might {unknown}
 r - 2 potions of cancellation {unknown}
 s - 2 potions of mutation {unknown}
 A - a potion of resistance
 B - a potion of invisibility {unknown}
Miscellaneous
 D - a lightning rod (1/4)


   Skills:
 + Level 6.1 Fighting
 - Level 2.6 Polearms
 + Level 4.5 Armour
 - Level 3.0 Dodging
 - Level 2.0 Spellcasting
 - Level 3.0 Conjurations
 + Level 6.2 Necromancy
 + Level 5.2 Earth Magic


You had 8 spell levels left.
You knew the following spells:

 Your Spells              Type           Power      Damage    Failure   Level
a - Kiss of Death         Conj/Necr      88%        2d12      4%          1
b - Hailstorm             Conj/Ice       8%         3d4       43%         3

Your spell library contained the following spells:

 Spells                   Type           Power      Damage    Failure   Level
 Momentum Strike          Conj/Tloc      16%        3d8       24%         2
 Gell's Gravitas          Tloc           2%         N/A       65%         3
 Lesser Beckoning         Tloc           4%         N/A       65%         3
 Teleport Other           Tloc           2%         N/A       65%         3
 Tukima's Dance           Hex            2%         N/A       65%         3
 Passage of Golubria      Tloc           2%         N/A       96%         4
 Yara's Violent Unravell  Hex/Tmut       1%         3d3       100%        5


Dungeon Overview and Level Annotations

Branches:
Dungeon (8/15)             Temple (1/1) D:5         Ossuary (visited)
   Lair: D:8-11

Altars:
Ashenzari
Cheibriados
Dithmenos
Gozag
Hepliaklqana
Kikubaaqudgha
Makhleb
Nemelex Xobeh
Okawaru
Qazlal
Ru
Sif Muna
Trog
Uskayaw
Vehumet
Wu Jian
Xom
Yredelemnul

Shops:
D:3 (   D:4 *

Annotations:
D:2 1 runed translucent door, Crazy Yiuf


Innate Abilities, Weirdness & Mutations

You have a pair of small horns on your head.
You are partially covered in thin metallic scales. (AC +2)
Your demonic aura often causes spilled blood to erupt in flames.
You regenerate magic rapidly.


Message History

The ice beast hits you. The ice beast freezes you!
You hit the ice beast.
You melt the ice beast.
The ice beast is heavily wounded.
The ice beast barely misses you.
You hit the ice beast.
You melt the ice beast.
The ice beast is severely wounded.
The ice beast hits you but does no damage.
You hit the ice beast.
You melt the ice beast.
The ice beast is severely wounded.
The ice beast hits you but does no damage.
You hit the ice beast but do no damage.
The ice beast is severely wounded.
The ice beast closely misses you.
You completely miss the ice beast.
The ice beast is severely wounded.
The ice beast hits you but does no damage.
You barely miss the ice beast.
The ice beast is severely wounded.
The ice beast barely misses you.
You hit the ice beast but do no damage.
The ice beast is severely wounded.
The ice beast hits you but does no damage.
You hit the ice beast.
You melt the ice beast.
The ice beast is almost dead.
The ice beast hits you but does no damage.
You hit the ice beast but do no damage.
The ice beast is almost dead.
The ice beast completely misses you.
You hit the ice beast.
You melt the ice beast.
You kill the ice beast!
You have reached level 9!
Your experience leads to an increase in your attributes!
Your base attributes are Str 12, Int 17, Dex 12.
Increase (S)trength, (I)ntelligence, or (D)exterity?
You feel clever. x2; Your demonic ancestry asserts itself...
A pair of horns grows on your head!
Your +2 helmet falls away!
You start resting.
HP restored.
Are you sure you want to abandon this character and quit the game? (Confirm with "yes".)

### ..#
##..###########.#
.......@.....##.#
###.########.##.#
#.##.# #.##.#
#.##.### #......#
#......######
#............
#......######


There were no monsters in sight!

Vanquished Creatures
  Maggie (D:7)
  2 black bears
  2 ice beasts
  2 ogres
  2 elf zombies (Ossuary)
  A scorpion (D:5)
  5 wights (D:7)
  4 hounds
  2 human zombies (Ossuary)
  3 orc priests
  5 iguanas
  4 orc wizards
  Ijyb (D:4)
  A hound zombie (Ossuary)
  5 mummies
  3 adders
  A shadow imp (D:7)
  A worm (D:2)
  A dart slug (D:1)
  14 orcs
  12 endoplasms
  2 giant cockroaches
  5 goblins
  9 hobgoblins
  4 jackals (D:3)
  A quokka (D:1)
  8 ball pythons
  5 bats
  3 frilled lizards
  A goblin zombie (Ossuary)
  2 hobgoblin zombies (Ossuary)
  A kobold (D:3)
  2 kobold zombies (Ossuary)
  An orc zombie (Ossuary)
  8 rats
  A rat zombie (Ossuary)
125 creatures vanquished.

Notes
Turn   | Place    | Note
-------+----------+-------------------------------------------
     0 | D:1      | Shayle the Demonspawn Reaver began the quest for the Orb.
     0 | D:1      | Reached XP level 1. HP: 16/16 MP: 3/3
   126 | D:1      | Gained mutation: Your demonic aura sometimes causes spilled
                  | blood to erupt in flames. [demonic ancestry]
   126 | D:1      | Reached XP level 2. HP: 19/22 MP: 5/5
   273 | D:1      | Reached skill level 1 in Necromancy
   666 | D:1      | Reached skill level 1 in Earth Magic
   737 | D:1      | Gained mutation: You are partially covered in thin metallic
                  | scales. (AC +2) [demonic ancestry]
   737 | D:1      | Reached XP level 3. HP: 28/28 MP: 6/6
  1201 | D:2      | Found a shimmering altar of Xom.
  1572 | D:2      | Found a runed translucent door.
  1573 | D:2      | Noticed Crazy Yiuf
  1742 | D:2      | Found a faded altar of an unknown god.
  1942 | D:3      | Reached XP level 4. HP: 34/34 MP: 7/7
  1963 | D:3      | Found Ehykhif's Weapon Shop.
  2405 | D:3      | Found an iron altar of Okawaru.
  2608 | D:4      | Reached XP level 5. HP: 33/41 MP: 8/8
  2795 | D:4      | Noticed Ijyb
  2845 | D:4      | Killed Ijyb
  2968 | D:4      | Identified the +5 ring mail of Discretion {rCorr Int+3
                  | Stlth+}
  2996 | D:4      | Found Hafatown's Humungous Hoard.
  3004 | D:4      | Bought a potion of heal wounds for 60 gold pieces
  3280 | D:4      | Found a radiant altar of Vehumet.
  3579 | D:5      | Entered Level 5 of the Dungeon
  3589 | D:5      | Found a staircase to the Ecumenical Temple.
  3599 | Temple   | Entered the Ecumenical Temple
  4049 | D:5      | Gained mutation: Your demonic aura often causes spilled
                  | blood to erupt in flames. [demonic ancestry]
  4049 | D:5      | Reached XP level 6. HP: 23/47 MP: 9/9
  4060 | D:5      | Reached skill level 1 in Armour
  4224 | D:5      | Noticed an ice beast
  4360 | D:4      | Killed an ice beast
  4946 | D:5      | Reached XP level 7. HP: 54/54 MP: 10/10
  5336 | D:6      | Found a sand-covered staircase.
  5353 | Ossuary  | Entered an ossuary
  5741 | D:6      | Gained mutation: You regenerate magic rapidly. [demonic
                  | ancestry]
  5741 | D:6      | Reached XP level 8. HP: 55/61 MP: 11/11
  5820 | D:6      | Reached skill level 5 in Fighting
  5993 | D:6      | Found a broken altar of Ashenzari.
  5993 | D:6      | Found a bloodstained altar of Trog.
  5998 | D:6      | Became a worshipper of Ashenzari the Shackled
  6223 | D:7      | Reached skill level 5 in Necromancy
  6439 | D:7      | Noticed Maggie
  6449 | D:7      | Killed Maggie
  6492 | D:7      | Reached skill level 5 in Earth Magic
  7003 | D:7      | Learned a level 3 spell: Hailstorm
  7167 | D:8      | Gained mutation: You have a pair of small horns on your
                  | head. [demonic ancestry]
  7167 | D:8      | Reached XP level 9. HP: 44/69 MP: 12/12
  7246 | D:8      | Quit the game

Illustrated notes

Levels and vault maps discovered:
D:1:      sevenhm_arrival_forest_fort_small_6, layout_basic
D:2:      layout_loops_ring, shapermc_ecumenical_altar_pompeii, basic_altar,
          uniq_crazy_yiuf_cottage
D:3:      layout_basic, marbit_many_paths, serial_shops,
          nicolae_shop_bloodbath_and_beyond, grunt_ministairs_1, hex_large
D:4:      layout_loops_ring, gammafunk_temple_overflow_pools,
          nicolae_alphabet_shops, uniq_ijyb
D:5:      layout_basic, minmay_temple_entry_glassed_door,
          chequers_serial_rivers_large_b
D:6:      layout_basic, nicolae_overflow_two_pavilions,
          gup_ossuary_entry_pyramid
D:7:      layout_basic, nicolae_concentric_dashed_squares_mild, uniq_maggie
D:8:      layout_loops_ring, general_overflow_altar, uniq_grum
Temple:   eino_temple_scatter_basement

Skill      XL: |  1  2  3  4  5  6  7  8 |
---------------+-------------------------+-----
Dodging        | 2 3 |  3.0
Necromancy     | 1 2 3 4 6 |  6.2
Earth Magic    | 1 2 3 4 5 |  5.2
Fighting       | 3 4 6 |  6.1
Armour         | 2 3 4 |  4.5
Polearms       | |  2.6
Spellcasting   | |  2.0
Conjurations   | |  3.0

Action                   |  1- 3 |  4- 6 |  7- 9 || total
-------------------------+-------+-------+-------++-------
Melee: Spear             |   183 |       |       ||   183
       Punch             |     1 |     3 |     6 ||    10
       Short sword       |       |   217 |   271 ||   488
Evoke: Wand              |       |     6 |    14 ||    20
       Lightning rod     |       |       |     4 ||     4
  Use: Scroll            |     2 |     2 |     7 ||    11
       Potion            |     1 |     2 |     2 ||     5
 Stab: Sleeping          |       |     1 |     1 ||     2
       Paralysed         |       |     7 |       ||     7
Armor: Leather armour    |    62 |    30 |       ||    92
       Ring mail         |       |    52 |   193 ||   245
Dodge: Dodged            |   111 |   123 |   163 ||   397

Table legend: (Time is in decaauts)
 A = Elapsed time spent in this place.
 B = Non-inter-level travel time spent in this place.
 C = Inter-level travel time spent in this place.
 D = Time resting spent in this place.
 E = Time spent auto-exploring this place.
 F = Levels seen in this place.
 G = Mean time per level.
                   A        B        C        D        E       F      G
               +--------+--------+--------+--------+--------+-----+--------+
         Total |   7276 |   6992 |    284 |    640 |   4393 |  10 |  727.6 |
       Dungeon |   6738 |   6471 |    267 |    575 |   4243 |   8 |  842.2 |
        Temple |    182 |    165 |     17 |      0 |    150 |   1 |  182.0 |
       Ossuary |    355 |    355 |      0 |     65 |      0 |   1 |  355.0 |
               +--------+--------+--------+--------+--------+-----+--------+

Top non-repeatable levels by time:
     D:4: 1372 daAuts
     D:1: 1003 daAuts
     D:5: 978 daAuts
     D:7: 859 daAuts
     D:2: 827 daAuts
     D:6: 762 daAuts
     D:3: 741 daAuts
 Ossuary: 355 daAuts
     D:8: 193 daAuts
  Temple: 182 daAuts
